 Dungeon Crawl Stone Soup version 0.24.0-123-gd5b16e6ec5 (webtiles) character file.

Game seed: 8886433447681749871, levelgen mode: deterministic

88 FishyPogo the Firebug (level 4, -2/33 HPs)
             Began as a Demonspawn Fire Elementalist on Dec 28, 2019.
             Slain by a kobold (4 damage)
             ... on level 2 of the Dungeon.
             The game lasted 00:08:17 (1642 turns).

FishyPogo the Firebug (DsFE)                        Turns: 1642, Time: 00:08:18

Health: -2/33      AC:  2    Str:  9    XL:     4   Next: 29%
Magic:  0/7        EV: 12    Int: 17    God:
Gold:   67         SH:  0    Dex: 13    Spells: 4/7 levels left

rFire    + . .     SeeInvis .   b - +0 dagger
rCold    + . .     Gourm    .   (no shield)
rNeg     . . .     Faith    .   a - +0 robe
rPois    +         Spirit   .   (no helmet)
rElec    +         Reflect  .   k - scarf {cloud immunity}
rCorr    +         Harm     .   (no gloves)
MR       .....                  (no boots)
Stlth    ++........             (no amulet)
HPRegen  0.11/turn              (no ring)
MPRegen  0.10/turn              (no ring)

@: resistant
A: claws 1, talons 1
a: no special abilities


You were on level 2 of the Dungeon.
You were very hungry.

You visited 1 branch of the dungeon, and saw 2 of its levels.

You collected 67 gold pieces.

Inventory:

Hand Weapons
 b - a +0 dagger (weapon)
Missiles
 d - 6 javelins
 f - 79 stones (quivered)
Armour
 a - a +0 robe (worn)
 g - a cursed +0 ring mail
 k - a scarf of cloud immunity (worn)
Jewellery
 h - a cursed amulet of inaccuracy {unknown}
Scrolls
 i - a scroll of remove curse {unknown}
 j - 2 scrolls of identify {unknown}
 l - a scroll of immolation {unknown}
 m - a scroll of magic mapping {unknown}
Comestibles
 c - 4 rations


   Skills:
 * Level 2.1 Fighting
 * Level 1.9 Armour
 + Level 2.3 Dodging
 - Level 2.0 Stealth
 - Level 2.0 Spellcasting
 - Level 1.0 Conjurations
 - Level 3.0 Fire Magic


You had 4 spell levels left.
You knew the following spells:

 Your Spells              Type           Power        Failure   Level  Hunger
a - Flame Tongue          Conj/Fire      #....        9%          1    #......
b - Throw Flame           Conj/Fire      #.....       13%         2    ###....

Your spell library contained the following spells:

 Spells                   Type           Power        Failure   Level  Hunger
 Conjure Flame            Conj/Fire      #.......     26%         3    ###....
 Inner Flame              Hex/Fire       #.......     30%         3    ###....
 Sticky Flame             Conj/Fire      #.......     63%         4    #####..
 Fireball                 Conj/Fire      #.........   93%         5    ######.


Dungeon Overview and Level Annotations

Branches:
Dungeon (2/15)

Altars:
Ashenzari
Trog
Vehumet


Innate Abilities, Weirdness & Mutations

You have sharp fingernails.
You have sharp toenails.


Message History

You closely miss the kobold. You claw the kobold, but do no damage.
The kobold is heavily wounded.
The kobold completely misses you.
You hit the kobold but do no damage.
The kobold is heavily wounded.
The kobold misses you.
You closely miss the kobold.
The kobold is heavily wounded.
The kobold hits you.
* * * LOW HITPOINT WARNING * * *
Casting: Flame Tongue (safe; 9% risk of failure)
Confirm with . or Enter, or press ? or * to list all spells.
Aiming: Flame Tongue (safe; 9% risk of failure)
Press: ? - help, Shift-Dir - straight line, f/p - kobold
Aim: a kobold, wearing a +0 animal skin (heavily wounded)
The flame tongue misses the kobold.
The kobold hits you but does no damage.
It was a potion of resistance.
You feel protected. The kobold hits you.
You die...

#.........##
.........##..
#.......##.≈≈.
#.......##.(≈≈≈####
#.......##_...K[[.#
#.......##..≈≈≈##[#
###.######.≈gK ##(#
# #...# ##.. #K.# #
###.# ## #@##
####..## ##.#
<......# #..#
#......########.##
................#
#............####
......#......#
.#)##.#......#
.#.##........#


You could see a kobold.

Vanquished Creatures
  3 adders
  An ooze (D:2)
  A worm (D:2)
  2 dart slugs (D:2)
  A leopard gecko (D:1)
  8 bats
  3 giant cockroaches
  5 goblins
  10 hobgoblins
  3 frilled lizards (D:1)
  5 kobolds
  5 rats
47 creatures vanquished.

Notes
Turn   | Place    | Note
-------+----------+-------------------------------------------
     0 | D:1      | FishyPogo the Demonspawn Fire Elementalist began the quest
                  | for the Orb.
     0 | D:1      | Reached XP level 1. HP: 13/13 MP: 3/3
   240 | D:1      | Gained mutation: You have sharp fingernails. [demonic
                  | ancestry]
   240 | D:1      | Reached XP level 2. HP: 20/20 MP: 1/5
   452 | D:1      | Reached skill level 1 in Fighting
   508 | D:1      | Learned a level 2 spell: Throw Flame
   641 | D:1      | Reached skill level 1 in Armour
   877 | D:2      | Gained mutation: You have sharp toenails. [demonic
                  | ancestry]
   877 | D:2      | Reached XP level 3. HP: 21/26 MP: 6/6
   935 | D:2      | Reached skill level 3 in Fire Magic
  1291 | D:2      | Found a shattered altar of Ashenzari.
  1388 | D:2      | Reached XP level 4. HP: 28/33 MP: 0/7
  1488 | D:2      | Found a radiant altar of Vehumet.
  1590 | D:2      | Found a bloodstained altar of Trog.
  1642 | D:2      | Slain by a kobold

Levels and vault maps discovered:
D:1:      dpeg_arrival_erosion, layout_loops_ring
D:2:      layout_rooms, marbit_many_paths, old_standard_altar,
          trog_hazing_becter

Skill      XL: |  1  2  3  4 |
---------------+-------------+-----
Stealth        | 2 |  2.0
Fighting       | 1 2 |  2.1
Dodging        | 2 |  2.3
Armour         | 1 |  1.9
Fire Magic     | 3 |  3.0
Spellcasting   | |  2.0
Conjurations   | |  1.0

Action                   |  1- 3 |  4- 6 || total
-------------------------+-------+-------++-------
Melee: Dagger            |    50 |    36 ||    86
       Kick              |     2 |     7 ||     9
Throw: Stone             |     2 |       ||     2
 Cast: Flame Tongue      |    48 |    14 ||    62
       Throw Flame       |     6 |     3 ||     9
  Use: Potion            |       |     1 ||     1
 Stab: Sleeping          |     1 |       ||     1
  Eat: Chunk             |     3 |       ||     3
Armor: Robe              |     9 |     6 ||    15
Dodge: Dodged            |    51 |    30 ||    81
